 Dungeon Crawl Stone Soup version 0.30-b1-2-g02819fbbbe (webtiles) character file.

Game seed: 5377050932208840888

33100 manyhoops the Geomancer (level 13, 0/107 HPs)
             Began as a Demigod Earth Elementalist on Dec 4, 2023.
             Slain by a death yak (23 damage)
             ... led by a torpor snail
             ... on level 4 of the Lair of Beasts.
             The game lasted 00:28:05 (17561 turns).

manyhoops the Geomancer (DgEE)                     Turns: 17561, Time: 00:28:06

Health: 0/107      AC: 10    Str: 12    XL:     13   Next: 6%
Magic:  3/31       EV: 15    Int: 39    God:
Gold:   919        SH:  0    Dex: 14    Spells: 6/32 levels left

rFire   . . .        x - +4 hand axe (flame)
rCold   . . .        (no shield)
rNeg    . . .        a - +0 robe
rPois   +            j - +4 helmet "Ovoiklies" {Str+3 SInv Stlth+}
rElec   .            g - +0 cloak
rCorr   .            (no gloves)
SInv    +            o - +1 pair of boots
Will    +....        (no amulet)
Stlth   +++++        E - +6 ring of intelligence
HPRegen 0.37/turn    l - ring of poison resistance
MPRegen 0.22/turn

%: no passive effects
@: animating dead
A: high MP 1, forlorn, divine attributes
a: no special abilities


You were on level 4 of the Lair of Beasts.
You visited 2 branches of the dungeon, and saw 14 of its levels.
You also visited: Ossuary.

You collected 919 gold pieces.

Inventory:

Hand Weapons
 x - a +4 hand axe of flaming (weapon)
Armour
 a - a +0 robe (worn)
 g - a +0 cloak (worn)
 j - the +4 helmet "Ovoiklies" (worn) {Str+3 SInv Stlth+}
   (You took it off Robin on level 2 of the Dungeon)

   Str:       It affects your strength (+3).
   SInv:      It lets you see invisible.
   Stlth:     It makes you more stealthy.
 o - a +1 pair of boots (worn)
 K - +0 acid dragon scales
Jewellery
 h - a ring of willpower
 l - a ring of poison resistance (right hand)
 E - a +6 ring of intelligence (left hand)
 L - a ring of wizardry
 N - a ring of wizardry
 S - a ring of resist corrosion
Wands
 v - a wand of iceblast (14)
 I - a wand of flame (8)
 R - a wand of polymorph (4)
 T - a wand of charming (4)
 U - a wand of digging (5)
Scrolls
 d - 6 scrolls of noise
 e - 3 scrolls of teleportation
 k - a scroll of torment
 m - 4 scrolls of poison
 n - 4 scrolls of magic mapping
 p - 2 scrolls of fear
 q - 3 scrolls of summoning
 r - 2 scrolls of vulnerability
 y - 2 scrolls of fog
 A - 3 scrolls of enchant weapon
 C - a scroll of immolation
 G - 3 scrolls of blinking
 J - a scroll of amnesia
 M - a scroll of enchant armour
 O - 5 scrolls of identify
 Q - a scroll of silence {unknown}
Potions
 b - a potion of magic
 c - 2 potions of brilliance
 f - 2 potions of lignification
 i - 4 potions of curing
 s - a potion of attraction {unknown}
 t - a potion of invisibility
 u - a potion of cancellation
 w - a potion of flight
 z - 8 potions of heal wounds
 B - a potion of resistance
 D - a potion of might
 F - 3 potions of mutation {unknown}
 H - 2 potions of haste
 P - 2 potions of ambrosia {unknown}


   Skills:
 - Level 8.0 Fighting
 - Level 7.4 Dodging
 - Level 8.0 Stealth
 - Level 10.2 Spellcasting
 - Level 5.2 Necromancy
 - Level 0.8 Transmutations
 - Level 10.2 Earth Magic
 + Level 7.0 Evocations


You had 6 spell levels left.
You knew the following spells:

 Your Spells              Type           Power      Damage    Failure   Level
a - Sandblast             Erth           100%       2d20      1%          1
b - Passwall              Tmut/Erth      49%        N/A       1%          2
c - Stone Arrow           Conj/Erth      100%       3d13      1%          3
d - Leda's Liquefaction   Hex/Erth       28%        N/A       2%          4
e - Petrify               Tmut/Erth      59%        N/A       1%          4
f - Borgnjor's Vile Clut  Necr/Erth      34%        N/A       2%          5
g - Ozocubu's Armour      Ice            19%        N/A       5%          3
h - Animate Dead          Necr           57%        N/A       2%          4

Your spell library contained the following spells:

 Spells                   Type           Power      Damage    Failure   Level
 Sting                    Tmut/Pois      92%        1d7       1%          1
 Summon Small Mammal      Summ           76%        N/A       1%          1
 Sublimation of Blood     Necr           57%        N/A       1%          2
 Poisonous Vapours        Pois/Air       38%        N/A       2%          2
 Call Canine Familiar     Summ           19%        N/A       5%          3
 Portal Projectile        Hex/Tloc       38%        N/A       5%          3
 Summon Guardian Golem    Hex/Summ       19%        N/A       5%          3
 Olgreb's Toxic Radiance  Pois           19%        N/A       19%         4
 Death Channel            Necr           28%        N/A       32%         6
 Alistair's Intoxication  Tmut/Pois      15%        N/A       41%         5
 Irradiate                Conj/Tmut      11%        3d15      41%         5
 Metabolic Englaciation   Hex/Ice        9%         N/A       45%         5
 Simulacrum               Ice/Necr       20%        N/A       69%         6
 Eringya's Noxious Bog    Tmut/Pois      11%        N/A       94%         6
 Malign Gateway           Summ/Tloc      9%         N/A       100%        7
 Summon Horrible Things   Summ           9%         N/A       100%        8


Dungeon Overview and Level Annotations

Branches:
Dungeon (10/15)            Temple (0/1) D:7            Lair (4/5) D:10
 Shoals (0/4) Lair:3          Orc (0/2) D:9         Ossuary (visited)
  Snake: Lair:2-3    Spider: Lair:2-3     Slime: Lair:4-5

Shops:
D:6 [   D:7 [   D:8 (

Annotations:
D:2 1 runed translucent door, Crazy Yiuf
D:9 1 runed translucent door, yogakurto's ghost, novice HOFi
Lair:2 Nergalle


Innate Abilities, Weirdness & Mutations

You have an increased reservoir of magic. (+10% MP)
You shall have no god before yourself.
Your divine heritage dramatically boosts your attributes as you level up.


Message History

Aim: a death yak (almost dead, constricted by zombie hands, 100% to hit)
The stone arrow hits the death yak!!
You kill the death yak!
The dead are walking!
Your Evocations skill increases to level 7!
Unknown command.
What are your orders? t - Shout!
Orders for allies: a - Attack new target. r - Retreat! s - Stop attacking. g - Guard the area. f - Follow me.
Anything else - Cancel.
Gang up on whom?
Press: ? - help, Dir - move target, f - death yak
Aim: a death yak (ally target) Attack!
Casting: Stone Arrow (safe; 1% risk of failure)
Confirm with . or Enter, or press ? or * to list all spells.
Aiming: Sandblast (safe; 1% risk of failure)
Press: ? - help, Shift-Dir - straight line, f/p - death yak
Aim: a death yak (ally target, 95% to hit)
The blast of sand hits the death yak!
The death yak is lightly wounded.
Unknown command.
Casting: Sandblast (safe; 1% risk of failure)
Confirm with . or Enter, or press ? or * to list all spells.
Aiming: Sandblast (safe; 1% risk of failure)
Press: ? - help, Shift-Dir - straight line, f/p - death yak
Aim: a death yak (lightly wounded, ally target, 95% to hit)
The blast of sand hits the death yak but does no damage.
The death yak is lightly wounded.
The death yak gores you!!
Your death yak zombie gores the death yak!
You barely miss the death yak.
The death yak is moderately wounded.
The death yak gores you!!
* * * LOW HITPOINT WARNING * * *
Your death yak zombie gores the death yak but does no damage.
The death yak gores you!!
You die...

..... .... #.. #....
...# #... ...# ..# ##...
####.## ##..### #
.....##.##..###.....#..
........................
........................
........................
........@YZ........:.##P
.....................#
P...........#.#.....##
##......##..###..>.# .
#......P##..# .....#
.P#........+..........#
........##...###$....#
###......##..# ....##
...## ##...†..## ###


You could see a death yak (ally target) and a friendly death yak zombie.

Vanquished Creatures
  Gastronok (D:8)
  A catoblepas (Lair:2)
  A two-headed ogre (D:10)
  A death yak (Lair:4)
  A skyshark (Lair:2)
  8 elephants (Lair:3)
  An oklob plant (Lair:1)
  A manticore (Lair:3)
  2 black mambas
  8 cane toads
  9 komodo dragons
  8 rime drakes (Lair:3)
  A polar bear (Lair:3)
  A hornet (D:9)
  9 blink frogs
  4 dream sheep (Lair:3)
  A shadow (D:10)
  35 yaks
  8 wyverns
  4 basilisks (Lair:3)
  2 steam dragons
  An acid dragon (D:8)
  28 water moccasins
  7 orc warriors
  3 black bears
  4 sky beasts
  An ogre (D:6)
  6 centaurs
  2 phantoms (D:6)
  3 kobold brigands
  6 bullfrogs
  2 scorpions
  12 wights
  10 killer bees
  An electric eel (Lair:1)
  A howler monkey (D:4)
  A centaur zombie (Ossuary)
  A human zombie (Ossuary)
  3 hounds
  7 orc priests
  5 iguanas
  Natasha (D:2)
  9 orc wizards
  3 hell rats (Lair:3)
  3 mummies (Ossuary)
  Robin (D:2)
  18 adders
  A river rat (D:5)
  2 shadow imps (D:7)
  An ufetubus (D:4)
  10 worms
  44 orcs
  5 bats
  9 endoplasms
  6 giant cockroaches
  14 goblins
  12 hobgoblins
  8 jackals
  4 quokkas
  5 ball pythons
  16 frilled lizards
  2 gnoll zombies
  4 goblin zombies (Ossuary)
  A hobgoblin zombie (Ossuary)
  24 kobolds
  9 rats
  A rat zombie (D:6)
424 creatures vanquished.

Vanquished Creatures (collateral kills)
  A catoblepas (Lair:3)
  2 yaks (Lair:3)
  A water moccasin (Lair:4)
4 creatures vanquished.

Vanquished Creatures (others)
  3 bushes (D:4)
  28 fungi
  32 plants
63 creatures vanquished.

Grand Total: 491 creatures vanquished

Notes
Turn   | Place    | Note
-------+----------+-------------------------------------------
     0 | D:1      | manyhoops the Demigod Earth Elementalist began the quest
                  | for the Orb.
     0 | D:1      | Reached XP level 1. HP: 14/14 MP: 5/5
   162 | D:1      | You fall into a shaft and drop 1 floor!
   326 | D:1      | Reached XP level 2. HP: 19/20 MP: 0/7
  1174 | D:1      | Reached XP level 3. HP: 26/26 MP: 7/9
  1409 | D:2      | Identified the +4 helmet "Ovoiklies" {Str+3 SInv Stlth+}
  1409 | D:2      | Noticed Robin
  1446 | D:2      | Killed Robin
  1447 | D:2      | Reached XP level 4. HP: 30/33 MP: 4/11
  1795 | D:2      | Learned a level 2 spell: Passwall
  1799 | D:2      | Learned a level 3 spell: Stone Arrow
  2074 | D:2      | Noticed Natasha
  2082 | D:2      | Killed Natasha
  2151 | D:2      | Found a runed translucent door.
  2152 | D:2      | Noticed Crazy Yiuf
  3332 | D:4      | Reached XP level 5. HP: 38/38 MP: 10/13
  4024 | D:4      | Reached skill level 5 in Earth Magic
  4028 | D:4      | Reached XP level 6. HP: 44/45 MP: 3/15
  4173 | D:4      | Reached skill level 1 in Fighting
  4445 | D:5      | Entered Level 5 of the Dungeon
  4498 | D:5      | Noticed a steam dragon
  4506 | D:5      | Killed a steam dragon
  4507 | D:5      | Reached XP level 7. HP: 17/55 MP: 10/16
  5120 | D:5      | Reached skill level 5 in Stealth
  5610 | D:6      | Found Liunt's Armour Shoppe.
  5649 | D:6      | Found a sand-covered staircase.
  5661 | Ossuary  | Entered an ossuary
  6276 | D:6      | Reached XP level 8. HP: 66/66 MP: 13/17
  6739 | D:6      | Reached skill level 5 in Fighting
  7154 | D:7      | Found Mosog's Armour Emporium.
  7353 | D:7      | Found a staircase to the Ecumenical Temple.
  7810 | D:8      | Noticed Gastronok
  7827 | D:8      | Learned a level 4 spell: Leda's Liquefaction
  7832 | D:8      | Learned a level 4 spell: Petrify
  7915 | D:8      | Reached XP level 9. HP: 75/75 MP: 15/18
  8597 | D:8      | Killed Gastronok
  8598 | D:8      | Reached skill level 10 in Earth Magic
  8722 | D:8      | Found Bamin's Weapon Emporium.
  8851 | D:8      | Reached XP level 10. HP: 54/81 MP: 10/19
  9267 | D:9      | Paralysed by a hornet for 2 turns
  9465 | D:9      | Found a runed translucent door.
  9470 | D:9      | Noticed yogakurto's ghost (novice HOFi)
 10036 | D:9      | Reached skill level 5 in Dodging
 10194 | D:9      | Found a staircase to the Orcish Mines.
 10246 | D:10     | Entered Level 10 of the Dungeon
 10262 | D:10     | Noticed a two-headed ogre
 10389 | D:10     | Found a staircase to the Lair.
 10428 | D:10     | Killed a two-headed ogre
 10735 | D:10     | Reached skill level 5 in Spellcasting
 11549 | Lair:1   | Entered Level 1 of the Lair of Beasts
 11566 | Lair:1   | Reached XP level 11. HP: 92/92 MP: 11/24
 12166 | Lair:1   | Learned a level 3 spell: Ozocubu's Armour
 14236 | Lair:2   | Noticed Nergalle
 14288 | Lair:2   | Learned a level 5 spell: Borgnjor's Vile Clutch
 14307 | Lair:2   | Noticed a catoblepas
 14319 | Lair:2   | Reached skill level 1 in Necromancy
 14319 | Lair:2   | Reached XP level 12. HP: 101/101 MP: 26/29
 14355 | Lair:2   | Killed a catoblepas
 14775 | Lair:2   | Reached skill level 5 in Necromancy
 15540 | Lair:2   | Reached skill level 10 in Spellcasting
 15772 | Lair:3   | Reached skill level 1 in Evocations
 16015 | Lair:3   | Found a staircase to the Shoals.
 16148 | Lair:3   | Learned a level 4 spell: Animate Dead
 16447 | Lair:3   | Noticed a catoblepas
 16459 | Lair:3   | Killed a catoblepas
 16790 | Lair:3   | Reached XP level 13. HP: 61/107 MP: 27/31
 17561 | Lair:4   | Slain by a death yak

Illustrated notes

Levels and vault maps discovered:
D:1:      scummos_arrival_hexagon, layout_loops_corners,
          nicolae_ecumenical_lake_church, st_stairs_8
D:2:      layout_rooms, minmay_lizard_king, uniq_crazy_yiuf_cottage, uniq_robin,
          uniq_natasha
D:3:      layout_basic, minitemple, serial_curves, eino_curves_01,
          eino_curves_03
D:4:      layout_loops_cross, mainiacjoe_overflow_alcove_4, nicolae_titane
D:5:      layout_loops_cross, cheibrodos_sewer_entry_sluice, nicolae_wormholes
D:6:      layout_loops_ring, enter_ossuary_3, serial_shops,
          nicolae_shop_back_alley_shop
D:7:      layout_cave_pools, mainiacjoe_overflow_boulevard,
          nicolae_overflow_crystal_walls, minmay_temple_entry_ruins,
          serial_shops, nicolae_shop_tiny_waterfront, nicolae_sextant
D:8:      layout_basic, serial_shops, nicolae_shop_behind_doors, uniq_gastronok
D:9:      layout_long_grid, nemelex_xobeh_ov_fountains_minmay, david_orc_4,
          hellmonk_ghost_happy_afterlife
D:10:     layout_loops_cross, david_lair_shrubbed
Lair:1:   lemuel_reptile_caves, layout_chaotic_city,
          chequers_serial_rivers_room_a, beast_lair_carwin_8
Lair:2:   layout_regular_city, nicolae_snake_entry_squirm, serial_bayou_shore_b,
          uniq_nergalle
Lair:3:   layout_small_grid, minmay_shoals_entry_centaurs, special_room
          [special_room_mythical_zoo]
Lair:4:   layout_regular_city, gammafunk_ghost_grave, minmay_lair_oklob_bushes,
          lemuel_fruit_tree

Skill      XL: |  1  2  3  4  5  6  7  8  9 10 11 12 13 |
---------------+----------------------------------------+-----
Earth Magic    | 3 4 5 6 10 | 10.2
Spellcasting   | 2 3 4 6 8 10 | 10.2
Stealth        | 3 5 6 8 |  8.0
Fighting       | 2 4 6 7 8 |  8.0
Dodging        | 2 5 7 |  7.4
Necromancy     | 1 5 |  5.2
Evocations     | 6 7 |  7.0
Transmutations | |  0.8

Action                     |  1- 3 |  4- 6 |  7- 9 | 10-12 | 13-15 || total
---------------------------+-------+-------+-------+-------+-------++-------
  Melee: Unarmed           |    23 |     5 |       |       |       ||    28
         Hand axe          |       |       |    18 |    21 |     3 ||    42
         Punch             |       |       |     1 |     1 |       ||     2
   Cast: Sandblast         |    55 |   137 |   173 |   379 |    14 ||   758
         Stone Arrow       |       |       |    18 |    95 |     5 ||   118
         Borgnjor's Vile C |       |       |       |    12 |     2 ||    14
         Animate Dead      |       |       |       |     2 |     2 ||     4
         Ozocubu's Armour  |       |       |       |     1 |       ||     1
    Use: Potion            |     5 |     2 |     7 |     6 |       ||    20
         Scroll            |       |     6 |     8 |     4 |       ||    18
   Stab: Distracted        |       |       |       |     1 |       ||     1
 Armour: Robe              |    15 |    23 |    66 |   131 |     3 ||   238
         Skin              |    20 |     5 |       |       |       ||    25
  Dodge: Dodged            |    46 |    40 |   108 |   329 |     6 ||   529
